 Dungeon Sprint DCSS version 0.17-a0-1262-gd250d98 (webtiles) character file.

81 Kidiri the Sneak (level 4, -2/23 HPs)
             Began as a Spriggan Enchanter on June 6, 2015.
             Slain by a worker ant (4 damage)
             ... in the Dungeon (Sprint IX: "|||||||||||||||||||||||||||||").
             The game lasted 00:01:36 (351 turns).

Kidiri the Sneak (Spriggan Enchanter)                Turns: 351, Time: 00:01:36

Health: -2/23      AC:  3    Str:  4    XL:     4   Next: 20%
Magic:  7/11       EV: 22    Int: 16    God:
Gold:   0          SH:  0    Dex: 17    Spells: 4 memorised, 2 levels left

rFire  . . .     SeeInvis +     a - +1 dagger
rCold  . . .     Clarity  .     b - +1 robe
rNeg   . . .     SustAt   .     (shield restricted)
rPois  .         Gourm    .     (helmet restricted)
rElec  .         Spirit   .     (no cloak)
rCorr  .         Warding  .     (gloves unavailable)
rMut   .         NoTele   +     (boots unavailable)
MR     .....                    (no amulet)
Stlth  ++++......               (no ring)
                                (no ring)

@: lethally poisoned (-2 -> -5), very quick, not resistant to hostile
enchantments, stealthy
A: unfitting armour, see invisible, herbivore 3, speed 3, slow metabolism 2
a: no special abilities


You were in the Dungeon.
You were not hungry.

You visited 1 branch

Inventory:

Hand weapons
 a - a +1 dagger (weapon)
Armour
 b - a +1 robe (worn)
Scrolls
 j - a scroll of blinking
Potions
 f - a potion of heal wounds
 g - a potion of haste
 h - 2 potions of magic
 i - a potion of berserk rage
Books
 c - a book of Maledictions

   Spells                             Type                      Level
   a - Corona                         Hexes                        1
   b - Ensorcelled Hibernation        Hexes/Ice                    2
   c - Confuse                        Hexes                        3
   d - Tukima's Dance                 Hexes                        3
   e - Dazzling Spray                 Conjuration/Hexes            3
Comestibles
 d - a bread ration


   Skills:
 + Level 1.9 Fighting
 * Level 4.2 Short Blades
 * Level 6.2 Dodging
 * Level 7.5 Stealth
 + Level 4.3 Spellcasting
 + Level 4.9 Hexes


You had 2 spell levels left.
You knew the following spells:

 Your Spells              Type           Power        Failure   Level  Hunger
a - Corona                Hex            ###....      1%          1    None
b - Confuse               Hex            ###.....     8%          3    ###....
c - Tukima's Dance        Hex            ###.....     8%          3    ###....
d - Ensorcelled Hibernat  Hex/Ice        ##....       10%         2    ##.....


Dungeon Overview and Level Annotations

Branches:
Dungeon (1/1)

Altars:


Innate Abilities, Weirdness & Mutations

You are tiny and cannot use many weapons and most armour.
You have supernaturally acute eyesight.
You are a herbivore.
You cover ground extremely quickly.
You need consume almost no food.


Message History

You closely miss the worker ant.
The worker ant is moderately wounded.
The worker ant completely misses you.
You barely miss the worker ant.
The worker ant is moderately wounded.
The worker ant misses you.
The phantom blinks!
You hit the worker ant.
The worker ant is moderately wounded.
* * * LOW HITPOINT WARNING * * *
You feel sick. The worker ant misses you.
You closely miss the worker ant.
The worker ant is moderately wounded.
The worker ant misses you.
You hit the worker ant.
The worker ant is heavily wounded.
The worker ant misses you.
You hit the worker ant but do no damage.
The worker ant is heavily wounded.
The worker ant bites you.
You die...

▓)▓
▓W▓
▓.▓
▓.▓
▓.▓
▓h▓
▓S▓
▓a▓
▓@▓
▓.▓
▓.▓
▓.▓
▓<▓
▓▓▓


You could see a phantom, a hound, a worker ant and an adder.

Vanquished Creatures
  A centaur (D)
  3 kobolds (D)
  A bat (D)
  A rat (D)
6 creatures vanquished.

Vanquished Creatures (others)
  A spatial maelstrom (D)
1 creature vanquished.

Grand Total: 7 creatures vanquished

Notes
Turn   | Place    | Note
--------------------------------------------------------------
     0 | D        | Kidiri the Spriggan Enchanter began the quest for the Orb.
     0 | D        | Reached XP level 1. HP: 9/9 MP: 5/5
     2 | D        | Banished a spatial maelstrom
    83 | D        | Noticed a phantom
    83 | D        | Noticed a hound
    83 | D        | Noticed a worker ant
    83 | D        | Noticed a centaur
    88 | D        | Killed a centaur
    88 | D        | Reached skill level 1 in Fighting
    88 | D        | Reached skill level 6 in Dodging
    88 | D        | Reached skill level 7 in Stealth
    88 | D        | Reached XP level 2. HP: 12/15 MP: 6/8
    88 | D        | Reached XP level 3. HP: 14/18 MP: 6/9
    88 | D        | Reached XP level 4. HP: 17/23 MP: 7/11
   296 | D        | Learned a level 3 spell: Confuse
   300 | D        | Learned a level 3 spell: Tukima's Dance
   303 | D        | Learned a level 2 spell: Ensorcelled Hibernation
   351 | D        | Slain by a worker ant

Vault maps used:
D:        linesprint

Action                   |  1- 3 |  4- 6 || total
-------------------------+-------+-------++-------
Melee: Dagger            |    21 |    28 ||    49
 Cast: Corona            |     1 |     2 ||     3
       Ensorcelled Hiber |       |     2 ||     2
  Use: Potion            |       |     1 ||     1
 Stab: Sleeping          |     1 |       ||     1
